 Dungeon Crawl Stone Soup version 0.28-a0-1087-gf3fc490d9d (webtiles) character file.

Game seed: 4499005528978425474

64 Zonian the Grave Robber (level 3, -7/24 HPs)
             Began as a Demonspawn Necromancer on Dec 11, 2021.
             Was a Priest of Jiyva.
             Mangled by Crazy Yiuf (18 damage)
             ... on level 3 of the Dungeon.
             The game lasted 00:02:41 (2574 turns).

Zonian the Grave Robber (Demonspawn Necromancer)    Turns: 2574, Time: 00:02:41

Health: -7/24      AC:  3    Str:  8    XL:     3   Next: 91%
Magic:  5/6        EV: 12    Int: 16    God:    Jiyva [***...]
Gold:   30         SH:  0    Dex: 15    Spells: 6/7 levels left

rFire   . . .      SeeInvis .   d - +1 whip (freeze)
rCold   . . .      Faith    .   (no shield)
rNeg    . . .      Spirit   .   a - +0 robe
rPois   .          Reflect  .   (no helmet)
rElec   .          Harm     .   (no cloak)
rCorr   +          Rampage  .   b - +0 pair of gloves
Will    .....                   (boots unavailable)
Stlth   ++........              (no amulet)
HPRegen 1.20/turn               (no ring)
MPRegen 0.45/turn               (no ring)

@: hasted, very quick
A: demonic guardian 1, hooves 3, eyeballs 1
a: Renounce Religion, Oozemancy


You were on level 3 of the Dungeon.
You worshipped Jiyva.
Jiyva was most pleased with you.
You visited 1 branch of the dungeon, and saw 3 of its levels.

You collected 30 gold pieces.

Inventory:

Hand Weapons
 d - a +1 whip of freezing (weapon)
Missiles
 f - a throwing net
Armour
 a - a +0 robe (worn)
 b - a +0 pair of gloves (worn)
Scrolls
 h - a scroll of blinking {unknown}
Potions
 c - a potion of might {unknown}


   Skills:
 + Level 2.4 Dodging
 + Level 2.5 Stealth
 + Level 2.5 Spellcasting
 + Level 4.9 Necromancy


You had 6 spell levels left.
You knew the following spells:

 Your Spells              Type           Power      Damage    Failure   Level
a - Pain                  Necr           68%        1d7       2%          1

Your spell library contained the following spells:

 Spells                   Type           Power      Damage    Failure   Level
 Animate Skeleton         Necr           34%        N/A       2%          1
 Vampiric Draining        Necr           17%        2d7       8%          3
 Animate Dead             Necr           8%         N/A       26%         4
 Agony                    Necr           17%        N/A       58%         5


Dungeon Overview and Level Annotations

Branches:
Dungeon (3/15)

Altars:
Jiyva

Annotations:
D:3 2 transporters, Crazy Yiuf


Innate Abilities, Weirdness & Mutations

A weak demonic guardian rushes to your aid.
You have hooves in place of feet.
Your body has grown eyes which may confuse attackers. (Acc +3)


Message History

There is an escape hatch in the ceiling here.
There is a stone staircase leading down here.
There is a stone staircase leading down here.
There is a stone staircase leading up here.
You swap places.
You swap places.
Key pressed, stopping explore.
You hear a distant slurping noise.
There is a stone staircase leading up here.
You hear a splatter.
Partly explored, unvisited transporter and can't reach some places.
Unknown command.
You hit the fungus.
The fungus begins to die.
You freeze the fungus. You kick the fungus.
The fungus is lightly damaged.
You hit the fungus. You freeze the fungus. You kick the fungus.
The fungus is lightly damaged.
You hit the fungus. You freeze the fungus. You kick the fungus.
The fungus is lightly damaged.
You hit the fungus. You freeze the fungus.
The fungus is lightly damaged.
A nearby fungus withers and dies.
Found a mace.
Found a runed translucent door.
Crazy Yiuf shouts!
Crazy Yiuf flaps his cloak.
You open the door.
Crazy Yiuf drinks a potion.
Crazy Yiuf goes berserk!
Crazy Yiuf writhes in agony!
Crazy Yiuf writhes in agony.
Crazy Yiuf hits you with a +3 quarterstaff of chaos!
Ouch! That really hurt!
A demonic guardian appears!
You feel yourself speed up.
You are too injured to fight recklessly!
You are too injured to fight recklessly!
You are too injured to fight recklessly!
Unknown command.
You hit Crazy Yiuf. You freeze Crazy Yiuf. Your kick misses Crazy Yiuf.
Crazy Yiuf is heavily wounded.
Crazy Yiuf hits you with a +3 quarterstaff of chaos!!
Ouch! That really hurt!
You die...

#....)...#####..###
########.# #....#
#.## ♣P.PP♣ #..#
♣..P♣♣ ##### #.##
♣♣.♣♣ #...# #.#
♣.♣♣ ###.# #.# ♣♣.♣
#.# #.# ♣5♣♣ #.#
#.# ♣♣@♣ #.# #.#
#g# ###.# #.## ...
#..<# ####..# #...#
#.### ####....##
#..)# #.# #.......#
##### #.#
#.##.##.## #.#
#.##.##..#########
#.#
#.##.###....##.#.#
#>#


You could see Crazy Yiuf (berserk, ally target) and a friendly shadow imp
(summoned).

Vanquished Creatures
  Robin (D:3)
  An adder (D:3)
  A dart slug (D:1)
  5 orcs
  2 bats (D:1)
  An endoplasm (D:1)
  5 giant cockroaches
  2 goblins
  3 hobgoblins
  3 kobolds
  3 quokkas (D:1)
  5 ball pythons
  2 frilled lizards
  2 rats (D:1)
36 creatures vanquished.

Vanquished Creatures (others)
  The ghost of Bravis the Firebug, an amateur DEFE (D:3)
  A jelly (D:3)
  A hound (D:3)
  An orc wizard (D:3)
  An adder (D:3)
  3 orcs (D:3)
  A giant cockroach (D:3)
  4 goblins (D:3)
  2 hobgoblins (D:3)
  2 ball pythons
  2 bats (D:1)
  A frilled lizard (D:3)
  2 rats
  A fungus (D:3)
  A plant (D:1)
24 creatures vanquished.

Grand Total: 60 creatures vanquished

Notes
Turn   | Place    | Note
-------+----------+-------------------------------------------
     0 | D:1      | Zonian the Demonspawn Necromancer began the quest for the
                  | Orb.
     0 | D:1      | Reached XP level 1. HP: 13/13 MP: 3/3
   327 | D:1      | Gained mutation: A weak demonic guardian rushes to your
                  | aid. [demonic ancestry]
   327 | D:1      | Reached XP level 2. HP: 16/19 MP: 0/5
   549 | D:1      | Found a faded altar of an unknown god.
   557 | D:1      | Prayed at the altar of an unknown god.
   557 | D:1      | Became a worshipper of Jiyva Jogh the Shapeless
   557 | D:1      | Reached * piety under Jiyva
  1223 | D:2      | Reached XP level 3. HP: 24/24 MP: 4/6
  1229 | D:2      | Reached ** piety under Jiyva
  1812 | D:3      | Reached *** piety under Jiyva
  1894 | D:3      | Gained mutation: You have large cloven feet. [Jiyva's
                  | grace]
  1894 | D:3      | Gained mutation: You have hoof-like feet. [Jiyva's grace]
  1894 | D:3      | Gained mutation: You have hooves in place of feet. [Jiyva's
                  | grace]
  1894 | D:3      | Gained mutation: Your body has grown eyes which may confuse
                  | attackers. (Acc +3) [Jiyva's grace]
  1895 | D:3      | Found a transporter.
  1895 | D:3      | Noticed Bravis's ghost (amateur DEFE)
  1899 | D:3      | Found a transporter.
  2069 | D:3      | Noticed Robin
  2088 | D:3      | Killed Robin
  2089 | D:3      | Killed Bravis's ghost
  2567 | D:3      | Found a runed translucent door.
  2568 | D:3      | Noticed Crazy Yiuf
  2574 | D:3      | Mangled by Crazy Yiuf

Illustrated notes

Levels and vault maps discovered:
D:1:      tarquinn_simple_flora_water_e, layout_loops_corners,
          shapermc_ecumenical_altar_pompeii
D:2:      layout_loops_ring, serial_glass, glass_columns_b, glass_columns_c,
          wad_orctagon
D:3:      layout_loops_ring, gammafunk_ghost_arena, uniq_robin,
          uniq_crazy_yiuf_cottage

Skill      XL: |  1 |
---------------+----+-----
Stealth        | 2 |  2.5
Dodging        | 2 |  2.4
Spellcasting   | |  2.5
Necromancy     | |  4.9

Action                   || total
-------------------------++-------
Melee: Whip              ||    14
       Kick              ||     4
 Cast: Pain              ||    69
  Use: Scroll            ||     2
Armor: Robe              ||     2
Dodge: Dodged            ||    19

Table legend: (Time is in decaauts)
 A = Elapsed time spent in this place.
 B = Non-inter-level travel time spent in this place.
 C = Inter-level travel time spent in this place.
 D = Time resting spent in this place.
 E = Time spent auto-exploring this place.
 F = Levels seen in this place.
 G = Mean time per level.
                   A        B        C        D        E       F      G
               +--------+--------+--------+--------+--------+-----+--------+
         Total |   2574 |   2542 |     32 |    191 |   2087 |   3 |  858.0 |
       Dungeon |   2574 |   2542 |     32 |    191 |   2087 |   3 |  858.0 |
               +--------+--------+--------+--------+--------+-----+--------+

Top non-repeatable levels by time:
     D:1: 1198 daAuts
     D:3: 791 daAuts
     D:2: 584 daAuts
